 Dungeon Crawl Stone Soup version 0.19.0-2-gae57169 (webtiles) character file.

6503 McCoppin the Cleaver (level 10, -10/153 HPs)
             Began as a Minotaur Berserker on Nov 4, 2016.
             Was a High Priest of Trog.
             Mangled by a killer bee (12 damage)
             ... on level 9 of the Dungeon.
             The game lasted 00:23:21 (6890 turns).

McCoppin the Cleaver (Minotaur Berserker)           Turns: 6890, Time: 00:23:23

Health: -10/153    AC: 16    Str: 29    XL:     10   Next: 69%
Magic:  9/9        EV:  8    Int:  4    God:    Trog [*****.]
Gold:   260        SH:  0    Dex: 11    Spells: 0 memorised, 9 levels left

rFire  x . .     SeeInvis .     G - +2 battleaxe (flame)
rCold  + . .     Gourm    .     F - +3 plate armour
rNeg   . . .     Faith    .     (shield currently unavailable)
rPois  .         Spirit   .     (helmet restricted)
rElec  .         Reflect  .     v - +0 cloak
rCorr  .         Harm     .     (no gloves)
MR     ++...                    d - +0 pair of boots
Stlth  ..........               (no amulet)
                                (no ring)
                                y - ring of ice

@: berserking, lethally poisoned (-10 -> -21), starving, regenerating, very
quick
A: retaliatory headbutt, horns 2
a: Berserk, Trog's Hand, Brothers in Arms, Burn Spellbooks, Renounce Religion


You were on level 9 of the Dungeon.
You worshipped Trog.
Trog was extremely pleased with you.
You were starving.

You visited 1 branch of the dungeon, and saw 9 of its levels.
You also visited: Sewer and Bailey.

You collected 545 gold pieces.
You spent 285 gold pieces at shops.

Inventory:

Hand Weapons
 a - a +0 hand axe
 l - a -2 war axe
 B - a +0 war axe
 G - a +2 battleaxe of flaming (weapon)
Missiles
 D - 9 throwing nets (quivered)
Armour
 b - a +0 animal skin
 d - a +0 pair of boots (worn)
 q - a +0 plate armour
 u - a +0 chain mail
 v - a +0 cloak (worn)
 F - a +3 plate armour (worn)
Jewellery
 y - a ring of ice (left hand)
 E - the amulet "Qoden" {Faith rElec rC+, unknown}
   (You found it in a bailey)

   [amulet of faith]

   It allows you to gain divine favour quickly.
   It protects you from cold.
   It insulates you from electricity.
Wands
 C - a wand of iceblast (2/15)
Scrolls
 e - 4 scrolls of amnesia {unknown}
 h - a scroll of magic mapping
 i - 6 scrolls of remove curse
 j - a scroll of random uselessness {unknown}
 k - 6 scrolls of enchant weapon
 p - a scroll of fear
 r - 6 scrolls of teleportation
 s - a scroll of recharging
 t - a scroll of noise {unknown}
 w - 2 scrolls of immolation {unknown}
Potions
 g - 3 potions of haste
 n - 5 potions of curing
 x - 2 potions of flight {unknown}
 z - 2 potions of might {unknown}
 A - 2 potions of brilliance
 H - a potion of ambrosia {unknown}
Comestibles
 c - a bread ration
 f - 4 beef jerkies
 m - 7 meat rations
 o - a royal jelly


   Skills:
 + Level 13.6 Fighting
 + Level 13.7 Axes
 - Level 2.4 Armour
 - Level 2.1 Dodging


You had 9 spell levels left.
You didn't know any spells.

Dungeon Overview and Level Annotations

Branches:
Dungeon (9/15)             Temple (0/1) D:6
   Lair: D:8-11         Orc: D:9-12

Altars:
Elyvilon
Hepliaklqana
Nemelex Xobeh
Ru
Trog
Vehumet
Yredelemnul
The Shining One

Shops:
D:8 ?


Innate Abilities, Weirdness & Mutations

You reflexively headbutt those who attack you in melee.
You have a pair of horns on your head.


Message History

You headbutt the killer bee!!
You kill the killer bee!
Trog accepts your kill. The killer bee stings you!
* * * LOW HITPOINT WARNING * * *
You closely miss the queen bee.
The queen bee is heavily wounded.
You closely miss the killer bee. You barely miss the killer bee.
* * * LOW HITPOINT WARNING * * *
You feel very sick.
The killer bee stings you but does no damage. x2
The killer bee misses you.
The queen bee stings you but does no damage.
You closely miss the queen bee. You headbutt the queen bee.
The queen bee is severely wounded.
You hit the killer bee but do no damage.
You closely miss the killer bee.
* * * LOW HITPOINT WARNING * * *
You feel sick. The killer bee stings you!
You die...

##. #..# # #...##. .
#...#.# ..
#.....####... ##..
.y.....%.
####..###†y..$.#
#.......y@y....# #
#.......†#####...##
#....<....# ...##
#.........#####.#...
#...................
#...................
#............######
######...###..#
#.#..###.#


You could see a queen bee and 3 killer bees.

Vanquished Creatures
  The ghost of Kullungy the Basher, a novice MiFi of the Shining One (Bailey)
  Erica (D:8)
  Pikel (D:6)
  A manticore (D:7)
  Psyche (D:8)
  Joseph (D:8)
  Prince Ribbit (D:6)
  Grinder (Sewer)
  A water moccasin (D:7)
  A black bear (D:6)
  An ice beast (D:7)
  2 sky beasts
  2 slaves (D:6)
  A necrophage (D:5)
  2 ogres
  A centaur (D:6)
  2 big kobolds (Sewer)
  4 bullfrogs
  8 gnoll sergeants (Bailey)
  A wyvern skeleton (D:7)
  A scorpion (D:9)
  8 killer bees (D:9)
  4 crimson imps
  A quasit (Sewer)
  6 gnoll shamans (Bailey)
  An orc wizard (D:4)
  5 hounds
  2 jellies (D:8)
  2 iguanas
  3 worker ants
  Ijyb (D:2)
  2 big kobold zombies (Sewer)
  14 gnolls (Bailey)
  9 river rats
  6 adders
  6 shadow imps
  2 ufetubi (Sewer)
  3 oozes
  2 worms
  2 dart slugs
  2 leopard geckos
  17 orcs
  4 ball pythons
  3 bats
  10 giant cockroaches
  5 hobgoblins
  18 jackals
  2 quokkas
  2 frilled lizards (D:2)
  12 goblins
  24 kobolds
  A kobold zombie (Sewer)
  A leopard gecko zombie (D:7)
  32 rats
247 creatures vanquished.

Vanquished Creatures (others)
  2 slaves (D:6)
2 creatures vanquished.

Grand Total: 249 creatures vanquished

Notes
Turn   | Place    | Note
-------+----------+-------------------------------------------
     0 | D:1      | McCoppin the Minotaur Berserker began the quest for the Orb.
     0 | D:1      | Reached XP level 1. HP: 19/19 MP: 0/0
   164 | D:1      | Reached XP level 2. HP: 13/27 MP: 1/1
   659 | D:1      | Reached ** piety under Trog
   819 | D:2      | Reached XP level 3. HP: 34/34 MP: 2/2
   943 | D:2      | Found a sacrificial altar of Ru.
  1005 | D:2      | Noticed Ijyb
  1013 | D:2      | Killed Ijyb
  1013 | D:2      | Reached skill level 5 in Fighting
  1013 | D:2      | Reached skill level 5 in Axes
  1013 | D:2      | Reached XP level 4. HP: 31/42 MP: 3/3
  1482 | D:3      | Found a bloodstained altar of Trog.
  1559 | D:3      | Found a white marble altar of Elyvilon.
  1564 | D:3      | Reached *** piety under Trog
  1722 | D:4      | Found a basalt altar of Yredelemnul.
  1756 | D:4      | Reached XP level 5. HP: 35/48 MP: 4/4
  1789 | D:4      | Found a radiant altar of Vehumet.
  1829 | D:4      | Found a hazy altar of Hepliaklqana.
  1870 | D:5      | Entered Level 5 of the Dungeon
  2309 | D:5      | Noticed a necrophage
  2317 | D:5      | Killed a necrophage
  2317 | D:5      | Reached XP level 6. HP: 48/55 MP: 5/5
  2334 | D:5      | Found a sparkling altar of Nemelex Xobeh.
  3443 | D:6      | Found a glowing drain.
  3467 | D:6      | Reached XP level 7. HP: 55/63 MP: 6/6
  3475 | Sewer    | Entered a sewer
  3575 | Sewer    | Reached **** piety under Trog
  3603 | Sewer    | Found a burning altar of Makhleb.
  3711 | Sewer    | Noticed Grinder
  3711 | Sewer    | Paralysed by Grinder for 2 turns
  3717 | Sewer    | Killed Grinder
  3760 | Sewer    | Reached XP level 8. HP: 63/72 MP: 7/7
  4003 | D:6      | Found a staircase to the Ecumenical Temple.
  4086 | D:6      | Noticed Pikel
  4090 | D:6      | Noticed Prince Ribbit
  4104 | D:6      | Killed Pikel
  4119 | D:6      | Reached skill level 10 in Fighting
  4119 | D:6      | Reached skill level 10 in Axes
  4391 | D:6      | Killed Prince Ribbit
  4391 | D:6      | Reached XP level 9. HP: 41/86 MP: 8/8
  4555 | D:7      | Reached ***** piety under Trog
  4693 | D:7      | Noticed a manticore
  4708 | D:7      | Killed a manticore
  5073 | D:8      | Noticed Erica
  5091 | D:8      | Killed Erica
  5110 | D:8      | Noticed Psyche
  5179 | D:8      | Found Ippab's Magic Scroll Emporium.
  5196 | D:8      | Found a glowing golden altar of the Shining One.
  5219 | D:8      | Noticed Joseph
  5240 | D:8      | Killed Joseph
  5240 | D:8      | Reached XP level 10. HP: 37/99 MP: 9/9
  5371 | D:8      | Killed Psyche
  5411 | D:8      | Bought a scroll of enchant weapon for 97 gold pieces
  5411 | D:8      | Bought a scroll of teleportation for 39 gold pieces
  5411 | D:8      | Bought a scroll of identify for 26 gold pieces
  5411 | D:8      | Bought a scroll of enchant weapon for 97 gold pieces
  5411 | D:8      | Bought a scroll of identify for 26 gold pieces
  5486 | D:8      | Found a flagged portal.
  5505 | Bailey   | Entered a bailey
  5505 | Bailey   | Noticed Kullungy's ghost (novice MiFi)
  5526 | Bailey   | Killed Kullungy's ghost
  6607 | Bailey   | Got an ancient steel amulet
  6820 | D:9      | Received a gift from Trog
  6888 | D:9      | HP: 5/153 [killer bee (8)]
  6890 | D:9      | HP: 2/153 [poisoned by a killer bee]
  6890 | D:9      | Mangled by a killer bee

Skill      XL: |  1  2  3  4  5  6  7  8  9 10 |
---------------+-------------------------------+-----
Fighting       | 4 5 6 7 8 10 12 13 | 13.6
Axes           | 4 5 6 7 8 10 12 13 | 13.7
Armour         | |  2.4
Dodging        | |  2.1

Action                   |  1- 3 |  4- 6 |  7- 9 | 10-12 || total
-------------------------+-------+-------+-------+-------++-------
Melee: Hand axe          |    75 |   192 |   283 |       ||   550
       Headbutt          |    13 |    34 |    70 |    30 ||   147
       War axe           |       |       |    64 |   127 ||   191
       Battleaxe         |       |       |       |    16 ||    16
Invok: Berserk           |       |       |     4 |     5 ||     9
       Trog's Hand       |       |       |     2 |     3 ||     5
  Use: Scroll            |     2 |       |     3 |     3 ||     8
       Potion            |       |       |     2 |     4 ||     6
 Stab: Sleeping          |     1 |     3 |       |       ||     4
  Eat: Bread ration      |       |     2 |       |     1 ||     3
       Chunk             |       |     1 |     6 |     7 ||    14
       Beef jerky        |       |       |     1 |       ||     1
Armor: Animal skin       |     8 |    23 |       |       ||    31
       Chain mail        |       |    17 |   173 |    69 ||   259
       Plate armour      |       |       |       |    34 ||    34
Dodge: Dodged            |    52 |   107 |   103 |   118 ||   380
